[Event "Titled Tuesday Blitz May 31 Early 2022"]
[White "Martins, Bruno Andre Leite"]
[Black "Dubov, Daniil"]
[WhiteFideId "1942255"]
[BlackFideId "24126055"]
[WhiteElo "2153"]
[BlackElo "2791"]
[Result "1/2-1/2"]
[Round "01"]
[TimeControl "180+1"]
[Date "2022.05.31"]
[WhiteClock "0:00:18"]
[BlackClock "0:00:09"]

1. e4 e5 2. Nf3 Nc6 3. Bb5 a6 4. Ba4 Nf6 5. O-O Be7 6. d3 b5 7. Bb3 d6 8. a3 O-O 9. Nc3 Rb8 10. h3 h6 11. Nd5 Re8 12. Re1 Bf8 13. Bd2 Nxd5 14. Bxd5 Ne7 15. Ba2 Ng6 16. b4 Be6 17. Bxe6 Rxe6 18. d4 Qd7 19. d5 Ree8 20. c4 c6 21. dxc6 Qxc6 22. cxb5 axb5 23. Qb3 Ra8 24. Rac1 Qb7 25. Ra1 Ra4 26. Bc1 Be7 27. Ra2 Rc8 28. Rc2 Raa8 29. Rxc8+ Qxc8 30. Nh2 Bg5 31. Bxg5 hxg5 32. Nf1 Nf4 33. Ne3 g6 34. Rd1 Qc3 35. Qxc3 Ne2+ 36. Kh2 Nxc3 37. Rxd6 Rxa3 38. Ng4 Ra4 39. Nxe5 Rxb4 40. Rd7 f6 41. Ng4 Nxe4 42. f3 Nc5 43. Nxf6+ Kf8 44. Nh7+ Ke8 45. Nf6+ Kf8 46. Nh7+ Ke8 47. Nf6+ Kf8 1/2-1/2


[Site "https://www.chess.com"]

[Event "Titled Tuesday Blitz May 31 Early 2022"]
[White "Matlakov, Maxim"]
[Black "Levitskiy, Andrey"]
[WhiteFideId "4168003"]
[BlackFideId "14132885"]
[WhiteElo "2669"]
[BlackElo "2301"]
[Result "0-1"]
[Round "01"]
[TimeControl "180+1"]
[Date "2022.05.31"]
[WhiteClock "0:01:07"]
[BlackClock "0:00:12"]

1. d4 Nf6 2. Nf3 e6 3. g3 b5 4. Bg2 d5 5. O-O Bb7 6. a4 c6 7. Ne5 Nbd7 8. Nd3 b4 9. Nd2 a5 10. Nb3 Bd6 11. Bf4 Bxf4 12. Nxf4 Ba6 13. Nd3 Bxd3 14. cxd3 Qb6 15. Rc1 O-O 16. Qd2 Rfc8 17. Rc2 c5 18. Rfc1 Qc6 19. Nxc5 Nb6 20. e4 Nfd7 21. b3 Nxc5 22. Rxc5 Qd7 23. exd5 Nxd5 24. Bxd5 exd5 25. Qg5 h6 26. Rxc8+ Rxc8 27. Rc7 Rxc7 28. Qf4 Rc8 29. Kg2 Rc3 30. h4 h5 31. Qb8+ Kh7 32. Qe5 g6 33. Qe3 Rxb3 34. f3 Rc3 35. g4 hxg4 36. h5 gxf3+ 37. Kg3 Qd6+ 38. Kh3 Qe6+ 0-1


[Site "https://www.chess.com"]

[Event "Titled Tuesday Blitz May 31 Early 2022"]
[White "Mickiewicz, Piotr"]
[Black "Ider, Borya"]
[WhiteFideId "1114891"]
[BlackFideId "4901134"]
[WhiteElo "2223"]
[BlackElo "2512"]
[Result "1-0"]
[Round "01"]
[TimeControl "180+1"]
[Date "2022.06.01"]
[WhiteClock "0:00:10"]
[BlackClock "0:00:06"]

1. e4 e6 2. d4 d5 3. Nd2 c5 4. exd5 Qxd5 5. Ngf3 cxd4 6. Bc4 Qd6 7. O-O Nf6 8. Nb3 Nc6 9. Nbxd4 Nxd4 10. Nxd4 a6 11. c3 Bd7 12. Qe2 Qc7 13. a4 Bd6 14. h3 O-O 15. Bg5 Rfe8 16. Rfe1 Qc5 17. Be3 Qc7 18. Bg5 Rad8 19. Bb3 Bf4 20. Bxf6 gxf6 21. Qh5 f5 22. Nxf5 Kf8 23. g3 Be5 24. Nh6 Bc6 25. Qxe5 Qxe5 26. Rxe5 Rd2 27. Bc4 Red8 28. Bf1 Rxb2 29. Ng4 Rdd2 30. Rh5 f5 31. Ne3 Rxf2 32. Nc4 Rbc2 33. Ne5 Be4 34. Rxh7 Rfd2 35. Nd7+ Kg8 36. Nf6+ Kf8 37. Nxe4 fxe4 38. Rh4 Rxc3 39. Rf4+ Ke7 40. g4 Rg3+ 41. Kh1 e3 42. Re4 Rf3 43. Re1 Ra2 44. R4xe3 Rxe3 45. Rxe3 Rxa4 46. Kh2 Kf6 47. Bg2 e5 48. Kg3 b5 49. Bd5 Rd4 50. Rf3+ Ke7 51. Bg8 b4 52. h4 a5 53. h5 a4 54. h6 Rd1 55. Kh4 Rh1+ 56. Rh3 Rxh3+ 57. Kxh3 Kf6 58. Kh4 b3 59. g5+ Kg6 60. Bd5 b2 61. Be4+ Kf7 62. Bb1 a3 63. g6+ Kf6 64. g7 Kf7 65. Ba2+ Kf6 66. g8=Q 1-0


[Site "https://www.chess.com"]

[Event "Titled Tuesday Blitz May 31 Early 2022"]
[White "Mikhalsky, Vladimir"]
[Black "Meshkovs, Nikita"]
[WhiteFideId "14144352"]
[BlackFideId "11602740"]
[WhiteElo "2301"]
[BlackElo "2506"]
[Result "0-1"]
[Round "01"]
[TimeControl "180+1"]
[Date "2022.06.01"]
[WhiteClock "0:00:01"]
[BlackClock "0:00:10"]

1. c4 Nf6 2. Nc3 e6 3. e4 d5 4. e5 d4 5. exf6 dxc3 6. bxc3 Qxf6 7. d4 b6 8. Nf3 Bb7 9. Bd3 Nd7 10. Bg5 Bxf3 11. Qd2 Bxg2 12. Bxf6 Nxf6 13. Rg1 Bc6 14. d5 exd5 15. Qe2+ Be7 16. Rxg7 Kf8 17. Rg3 Bc5 18. O-O-O Re8 19. Qf3 Re6 20. Qf4 Nh5 21. Qxc7 Nxg3 22. fxg3 Kg7 23. Bf5 Rf6 24. cxd5 Ba4 25. Rf1 Re8 26. Kb2 Re2+ 27. Ka1 Ba3 28. Qc4 Re5 29. Qxa4 Rfxf5 30. Rd1 Bd6 31. Qg4+ Kf8 32. Qd4 Re2 33. Qh8+ Ke7 34. Qxh7 Rff2 35. Qb1 Ba3 36. Qb3 Bd6 37. a4 Kd8 38. a5 bxa5 39. c4 Be5+ 40. Kb1 Rb2+ 41. Qxb2 Rxb2+ 42. Kc1 Rb4 43. Re1 Rxc4+ 44. Kd2 f6 45. Rb1 a4 46. Kd3 Rc5 47. Ke4 a3 48. Rb7 Ra5 0-1


[Site "https://www.chess.com"]

[Event "Titled Tuesday Blitz May 31 Early 2022"]
[White "Nakamura, Hikaru"]
[Black "Richter, Nils"]
[WhiteFideId "2016192"]
[BlackFideId "12990809"]
[WhiteElo "2850"]
[BlackElo "2243"]
[Result "1-0"]
[Round "01"]
[TimeControl "180+1"]
[Date "2022.05.31"]
[WhiteClock "0:02:02"]
[BlackClock "0:01:37"]

1. Nf3 d5 2. e3 c5 3. b3 Nc6 4. Bb5 Qb6 5. a4 a6 6. a5 Qc7 7. Bxc6+ Qxc6 8. O-O Nf6 9. Ne5 Qc7 10. Bb2 Bf5 11. d3 e6 12. Nd2 Bd6 13. f4 h6 14. Qf3 O-O 15. e4 Bh7 16. Rae1 Rad8 17. Qg3 Qxa5 18. Nec4 dxc4 19. Bxf6 Bg6 20. Nxc4 Qc7 21. Bxd8 Rxd8 22. Nxd6 Qxd6 23. f5 exf5 24. Qxd6 Rxd6 25. exf5 Bh5 26. Re8+ Kh7 27. Rf4 f6 28. Re7 Bd1 29. Rf2 b5 30. h3 c4 31. bxc4 bxc4 32. Rd2 Bh5 33. g4 c3 34. Rde2 1-0


[Site "https://www.chess.com"]

[Event "Titled Tuesday Blitz May 31 Early 2022"]
[White "Oparin, Grigoriy"]
[Black "Nguyen Hong Nhung"]
[WhiteFideId "24125890"]
[BlackFideId "12412201"]
[WhiteElo "2665"]
[BlackElo "1758"]
[Result "1-0"]
[Round "01"]
[TimeControl "180+1"]
[Date "2022.05.31"]
[WhiteClock "0:02:46"]
[BlackClock "0:01:46"]

1. e4 c5 2. Nf3 e6 3. d4 cxd4 4. Nxd4 Nc6 5. Nc3 Qc7 6. Be3 a6 7. g4 b5 8. Nxc6 Qxc6 9. Qd2 b4 10. Ne2 Qxe4 11. Rg1 d5 12. Bd4 Qg6 13. O-O-O Bd6 14. f4 Nf6 15. f5 exf5 16. Bxf6 Qxf6 17. Qxd5 Rb8 18. g5 Qe7 19. Qxd6 Qxd6 20. Rxd6 O-O 21. Nf4 g6 22. Bc4 a5 23. Re1 Bb7 24. Re7 Be4 25. Rdd7 Rbc8 26. Bxf7+ Kh8 27. Bb3 1-0


[Site "https://www.chess.com"]

[Event "Titled Tuesday Blitz May 31 Early 2022"]
[White "Ozates, Tuna"]
[Black "Indjic, Aleksandar"]
[WhiteFideId "6354521"]
[BlackFideId "911925"]
[WhiteElo "1887"]
[BlackElo "2616"]
[Result "0-1"]
[Round "01"]
[TimeControl "180+1"]
[Date "2022.05.31"]
[WhiteClock "0:00:43"]
[BlackClock "0:00:41"]

1. e4 c5 2. Nf3 d6 3. Bb5+ Nd7 4. d4 cxd4 5. Nxd4 Nf6 6. Nc3 a6 7. Bd3 g6 8. O-O e5 9. Nb3 Bg7 10. f4 exf4 11. Bxf4 Ne5 12. Kh1 O-O 13. Bg5 h6 14. Bh4 b5 15. Nd5 g5 16. Bg3 Nxd5 17. exd5 f5 18. Be1 f4 19. Bc3 Ng4 20. Qf3 Bxc3 21. bxc3 Ne3 22. Nd4 Qf6 23. Rfe1 Ra7 24. h3 g4 25. Qe4 Re7 26. Ne6 Bxe6 27. dxe6 d5 28. Qd4 Rxe6 29. hxg4 Qh4+ 30. Kg1 Qg3 31. Rxe3 Qxe3+ 32. Qxe3 fxe3 33. Be2 Rf2 34. Bf3 Re5 35. a4 Rxc2 36. axb5 axb5 0-1


[Site "https://www.chess.com"]

[Event "Titled Tuesday Blitz May 31 Early 2022"]
[White "Pein, Jonathan"]
[Black "Jobava, Baadur"]
[WhiteFideId "417092"]
[BlackFideId "13601520"]
[WhiteElo "2140"]
[BlackElo "2617"]
[Result "0-1"]
[Round "01"]
[TimeControl "180+1"]
[Date "2022.05.31"]
[WhiteClock "0:00:03"]
[BlackClock "0:00:21"]

1. b3 c6 2. Bb2 d5 3. Nf3 Nf6 4. d3 Bg4 5. Nbd2 Nbd7 6. h3 Bxf3 7. Nxf3 g6 8. g3 Bg7 9. Bg2 O-O 10. O-O e6 11. c4 a5 12. a3 Qe7 13. Ra2 Ne8 14. Bxg7 Nxg7 15. e4 dxe4 16. dxe4 e5 17. Rd2 Rfd8 18. Qc2 Qxa3 19. Rfd1 Qe7 20. Qc3 f6 21. h4 Ne6 22. Bh3 Ndc5 23. Qe3 Rxd2 24. Rxd2 Rd8 25. h5 Rxd2 26. Qxd2 Qd8 27. Qh6 Nf8 28. hxg6 hxg6 29. Nh4 Qe8 30. Bf5 gxf5 31. Nxf5 Nce6 32. Qxf6 Qh5 33. Kg2 Kh7 34. Qe7+ Kg8 35. Qf6 Qg5 36. Qxe5 Kh7 0-1


[Site "https://www.chess.com"]

[Event "Titled Tuesday Blitz May 31 Early 2022"]
[White "Petrovic, Aleksa"]
[Black "Petrovskyi, Vadym"]
[WhiteFideId "967629"]
[BlackFideId "14165210"]
[WhiteElo "2144"]
[BlackElo "2400"]
[Result "0-1"]
[Round "01"]
[TimeControl "180+1"]
[Date "2022.06.01"]
[WhiteClock "0:00:04"]
[BlackClock "0:00:14"]

1. d4 Nf6 2. c4 e6 3. Nc3 Bb4 4. Qc2 O-O 5. a3 Bxc3+ 6. Qxc3 d5 7. Bg5 b6 8. Nf3 h6 9. Bxf6 Qxf6 10. cxd5 exd5 11. e3 c6 12. Be2 Nd7 13. O-O Bb7 14. Rac1 Rac8 15. Rfd1 c5 16. dxc5 Qxc3 17. Rxc3 bxc5 18. Bb5 Nf6 19. Rdc1 Ne4 20. R3c2 Rfd8 21. Bd3 f6 22. Kf1 Kf7 23. Ke2 Ke6 24. Ne1 Kd6 25. h4 c4 26. Bxe4 dxe4 27. Rd2+ Kc5 28. Rxd8 Rxd8 29. Nc2 Ba6 30. Nd4 Kd5 31. Kd2 Rf8 32. Kc3 g5 33. Rd1 Ke5 34. Nc6+ Ke6 35. Nd8+ Kf5 36. Rd5+ Kg4 37. Ne6 Rf7 38. Nd4 f5 39. hxg5 hxg5 40. f3+ exf3 41. gxf3+ Kg3 42. Nxf5+ Kxf3 43. Nd6 Rg7 44. Nxc4 Bxc4 45. Kxc4 g4 46. Kd4 g3 47. Rf5+ Ke2 48. Rc5 g2 49. Rc1 g1=Q 50. Rxg1 Rxg1 51. e4 Kf3 52. e5 Re1 53. Kd5 Kf4 54. e6 Kf5 55. b4 Rxe6 56. a4 Re4 57. Kc5 Ke6 58. a5 Kd7 59. b5 Kc7 0-1


[Site "https://www.chess.com"]

[Event "Titled Tuesday Blitz May 31 Early 2022"]
[White "Pinheiro, Iung Alicio de O."]
[Black "Stribuk, Artiom"]
[WhiteFideId "2104350"]
[BlackFideId "13515659"]
[WhiteElo "2283"]
[BlackElo "2259"]
[Result "0-1"]
[Round "01"]
[TimeControl "180+1"]
[Date "2022.06.01"]
[WhiteClock "0:00:03"]
[BlackClock "0:00:07"]

1. c4 g6 2. g3 Bg7 3. Bg2 e5 4. Nc3 Ne7 5. d3 d6 6. e4 h5 7. h4 c6 8. Nge2 Na6 9. Bg5 f6 10. Be3 Bg4 11. f3 Be6 12. f4 Bg4 13. Qd2 Nc5 14. O-O Qd7 15. Kh2 Ne6 16. d4 O-O 17. Rad1 exd4 18. Bxd4 Nxd4 19. Qxd4 Rfd8 20. f5 gxf5 21. Rd2 Kh8 22. Nf4 fxe4 23. Nxe4 f5 24. Nf6 Qc8 25. Re1 Rf8 26. Rxe7 Rxf6 27. Ne6 c5 28. Qc3 Qxe6 29. Rxe6 Rxe6 30. Qb3 Rb8 31. Bf3 b6 32. Bd5 Rf6 33. Qd3 Rbf8 34. Rf2 Bh6 35. b3 f4 36. gxf4 Bxf4+ 37. Kh1 Be5 38. Rxf6 Rxf6 39. Qe3 Rf4 40. Be4 Kg7 41. Qd3 Kf6 42. Qd5 Be6 43. Qa8 Rxh4+ 44. Kg2 Rg4+ 45. Kf3 Rf4+ 46. Ke2 Bg4+ 47. Kd3 Kg5 48. Qg8+ Kh4 49. Qd8+ Kg3 50. Qg5 h4 51. Ke3 h3 0-1


[Site "https://www.chess.com"]

[Event "Titled Tuesday Blitz May 31 Early 2022"]
[White "Ponkratov, Pavel"]
[Black "Gracia Alvarez, Gerardo Antonio"]
[WhiteFideId "4157800"]
[BlackFideId "5109124"]
[WhiteElo "2487"]
[BlackElo "2139"]
[Result "1-0"]
[Round "01"]
[TimeControl "180+1"]
[Date "2022.05.31"]
[WhiteClock "0:01:53"]
[BlackClock "0:00:38"]

1. d4 Nf6 2. c4 c5 3. d5 b5 4. cxb5 a6 5. Nc3 g6 6. e4 d6 7. a4 Bg7 8. Ra3 O-O 9. Nf3 e6 10. dxe6 Bxe6 11. Be2 axb5 12. axb5 Rxa3 13. bxa3 d5 14. exd5 Nxd5 15. Nxd5 Qxd5 16. Qxd5 Bxd5 17. O-O Bb3 18. Be3 Nd7 19. Nd2 Ba4 20. h4 Rb8 21. Rb1 h5 22. b6 Rxb6 23. Rxb6 Nxb6 24. Bxc5 Nd5 25. Bc4 Nc3 26. Bb4 Nd1 27. Ne4 Nb2 28. Bd5 Bb5 29. Nd6 Bc4 30. Nxc4 1-0


[Site "https://www.chess.com"]

[Event "Titled Tuesday Blitz May 31 Early 2022"]
[White "Pranav, V"]
[Black "McCoy, Owen"]
[WhiteFideId "25060783"]
[BlackFideId "30924502"]
[WhiteElo "2349"]
[BlackElo "2486"]
[Result "1-0"]
[Round "01"]
[TimeControl "180+1"]
[Date "2022.05.31"]
[WhiteClock "0:02:36"]
[BlackClock "0:00:59"]

1. e4 c5 2. Nf3 d6 3. Bb5+ Nd7 4. O-O a6 5. Bxd7+ Bxd7 6. d4 cxd4 7. Nxd4 Nf6 8. Re1 e5 9. Nb3 Be7 10. Nc3 Rc8 11. Bg5 Rxc3 12. bxc3 Qc7 13. Qd3 Nh5 14. Bxe7 Kxe7 15. Rad1 Rc8 16. c4 Be6 17. Nd2 Bxc4 18. Nxc4 Qxc4 19. Qxd6+ Ke8 20. Qxe5+ 1-0


[Site "https://www.chess.com"]

[Event "Titled Tuesday Blitz May 31 Early 2022"]
[White "Remolar Gallen, Jose"]
[Black "Talibov, Shiroghlan"]
[WhiteFideId "2215187"]
[BlackFideId "13429078"]
[WhiteElo "2205"]
[BlackElo "2042"]
[Result "0-1"]
[Round "01"]
[TimeControl "180+1"]
[Date "2022.06.01"]
[WhiteClock "0:00:01"]
[BlackClock "0:00:05"]

1. d4 Nf6 2. c4 e6 3. Nf3 c5 4. d5 exd5 5. cxd5 d6 6. Nc3 g6 7. Bf4 a6 8. Nd2 b5 9. a4 b4 10. Nce4 Nxe4 11. Nxe4 Be7 12. e3 O-O 13. Be2 f5 14. Nxc5 dxc5 15. d6 Bf6 16. Qd5+ Rf7 17. Qxa8 Bxb2 18. Qxb8 Rb7 19. Bc4+ Kg7 20. Qa8 Bxa1 21. O-O Bf6 22. Bxa6 Qd7 23. Bxb7 Bxb7 24. Qb8 Bd8 25. Rc1 Qc6 26. Be5+ Kf7 27. f3 Ke8 28. Qa7 Bb6 29. Qb8+ Bd8 30. Rd1 Kd7 31. Bf6 Bxf6 32. Qg8 Bd8 33. Qxh7+ Kc8 34. Qxg6 c4 35. Qxf5+ Kb8 36. h4 c3 37. Qf8 Qb6 38. h5 c2 39. Rc1 Qxe3+ 40. Kh2 Qxc1 41. Qxd8+ Ka7 42. Qa5+ Ba6 43. Qc7+ Ka8 44. d7 Qg5 45. d8=Q+ Qxd8 46. Qxd8+ Kb7 47. Qd5+ Kb6 48. Qd4+ Ka5 49. Qb2 Bd3 0-1


[Site "https://www.chess.com"]

[Event "Titled Tuesday Blitz May 31 Early 2022"]
[White "Riehle, Marco"]
[Black "Ljukin, Sergei"]
[WhiteFideId "12904392"]
[BlackFideId "14102200"]
[WhiteElo "2462"]
[BlackElo "2312"]
[Result "1-0"]
[Round "01"]
[TimeControl "180+1"]
[Date "2022.06.01"]
[WhiteClock "0:00:52"]
[BlackClock "0:00:01"]

1. e4 e6 2. c4 d5 3. cxd5 exd5 4. Qb3 Nc6 5. exd5 Nb4 6. Bc4 Bf5 7. d3 a5 8. a3 a4 9. Qc3 Nxd5 10. Qe5+ Qe7 11. Nf3 Qxe5+ 12. Nxe5 Ngf6 13. O-O Bd6 14. d4 O-O 15. Nc3 Nb6 16. Ba2 Rae8 17. Re1 Be6 18. Bg5 Bxa2 19. Rxa2 Nfd5 20. Bd2 Nxc3 21. bxc3 f6 22. Nf3 Nc4 23. Bc1 Rxe1+ 24. Nxe1 Re8 25. Kf1 b5 26. Nd3 c6 27. g3 Kf7 28. h4 Ke6 29. Re2+ Kd7 30. Ra2 h5 31. Kg2 Ke6 32. Re2+ Kd7 33. Ra2 Ke6 34. f3 Kd5 35. Kf2 g5 36. hxg5 fxg5 37. Bxg5 Nxa3 38. Bf4 Nc4 39. Bxd6 Nxd6 40. Ne5 Nc4 41. g4 Nxe5 42. dxe5 hxg4 43. f4 Kc4 44. Ra3 c5 45. Kg3 Ra8 46. e6 b4 47. cxb4 cxb4 48. Ra1 b3 49. e7 b2 50. Rxa4+ Rxa4 51. e8=Q b1=Q 52. Qxa4+ Kd5 53. Qd7+ Kc5 54. Qe7+ Kd4 55. Qe5+ Kc4 56. Kxg4 Qg6+ 57. Qg5 Qe6+ 58. Kf3 Qc6+ 59. Kf2 Qh1 60. Qe5 1-0


[Site "https://www.chess.com"]

[Event "Titled Tuesday Blitz May 31 Early 2022"]
[White "Royal, Shreyas"]
[Black "Le, Tuan Minh"]
[WhiteFideId "448869"]
[BlackFideId "12401153"]
[WhiteElo "1986"]
[BlackElo "2450"]
[Result "0-1"]
[Round "01"]
[TimeControl "180+1"]
[Date "2022.05.31"]
[WhiteClock "0:01:23"]
[BlackClock "0:01:34"]

1. d4 d5 2. c4 c6 3. Nf3 Nf6 4. Nc3 a6 5. c5 Nbd7 6. Bf4 Nh5 7. Bd2 g6 8. g3 Bg7 9. Bg2 O-O 10. O-O Re8 11. Rc1 e5 12. Nxe5 Nxe5 13. dxe5 Bxe5 14. b4 Nf6 15. Na4 Bf5 16. Nb6 Rb8 17. Bg5 Qe7 18. Qd2 Qe6 19. Bf4 Bxf4 20. Qxf4 Qxe2 21. Rfe1 Qxe1+ 22. Rxe1 Rxe1+ 23. Bf1 Bh3 24. Qxb8+ Kg7 0-1


[Site "https://www.chess.com"]

[Event "Titled Tuesday Blitz May 31 Early 2022"]
[White "Barria Santos, Jose Guilherme"]
[Black "Durarbayli, Vasif"]
[WhiteFideId "1939300"]
[BlackFideId "13402935"]
[WhiteElo "2261"]
[BlackElo "2528"]
[Result "0-1"]
[Round "01"]
[TimeControl "180+1"]
[Date "2022.06.01"]
[WhiteClock "0:00:12"]
[BlackClock "0:00:17"]

1. d4 Nf6 2. c4 e6 3. Nf3 b6 4. g3 Bb7 5. Bg2 Be7 6. O-O O-O 7. Re1 Ne4 8. Qc2 f5 9. Nfd2 d5 10. Nxe4 dxe4 11. Rd1 Nc6 12. Be3 Bf6 13. Nc3 Bxd4 14. Nxe4 fxe4 15. Bxe4 Qf6 16. Bxc6 Bxe3 17. Bxb7 Qxf2+ 18. Kh1 Rad8 19. Rxd8 Rxd8 20. Bf3 Bc5 21. Qe4 Qe3 22. Qxe3 Bxe3 23. Kg2 Rd2 24. Rb1 Bd4 25. b3 Rxa2 26. Kf1 Kf7 27. Be4 h6 28. Bd3 Ke7 29. Kg2 a5 30. Kf3 Kd6 31. Ke4 Kc5 32. Kf3 Bb2 33. Bg6 Kb4 34. Bf7 e5 35. Rd1 Bd4 36. e3 Bc5 37. Rd7 Rb2 38. Rxc7 Rxb3 39. Ke4 Rxe3+ 40. Kd5 a4 41. Bg6 a3 42. Ra7 Re2 43. Kc6 e4 44. Kd5 e3 45. Ke4 Rxh2 46. Kd3 Rd2+ 0-1


[Site "https://www.chess.com"]

[Event "Titled Tuesday Blitz May 31 Early 2022"]
[White "Stepanencu, Nicodim-Cosmin"]
[Black "Paravyan, David"]
[WhiteFideId "1256220"]
[BlackFideId "4194985"]
[WhiteElo "1945"]
[BlackElo "2569"]
[Result "0-1"]
[Round "01"]
[TimeControl "180+1"]
[Date "2022.05.31"]
[WhiteClock "0:00:01"]
[BlackClock "0:00:12"]

1. b3 g6 2. Bb2 Nf6 3. Nf3 Bg7 4. g3 c5 5. c4 b6 6. Bg2 Bb7 7. O-O O-O 8. Nc3 d5 9. Nxd5 Nxd5 10. Bxg7 Kxg7 11. cxd5 Qxd5 12. d4 Na6 13. Qb1 cxd4 14. Rd1 e5 15. e3 Rad8 16. exd4 exd4 17. Rxd4 Qc6 18. Nh4 Qc7 19. Qb2 Kg8 20. Rc1 Qe7 21. Rg4 Bc8 22. Re4 Qg5 23. f4 Qa5 24. b4 Qh5 25. Bf3 Qh6 26. Re7 Bh3 27. Rxa7 Nb8 28. Qf6 Nd7 29. Qe7 Qg7 30. Rd1 Rde8 31. Qd6 Nf6 32. Bg2 Ne4 0-1


[Site "https://www.chess.com"]

[Event "Titled Tuesday Blitz May 31 Early 2022"]
[White "Stevens, Christian"]
[Black "Svane, Frederik"]
[WhiteFideId "2604450"]
[BlackFideId "12923044"]
[WhiteElo "2488"]
[BlackElo "2459"]
[Result "0-1"]
[Round "01"]
[TimeControl "180+1"]
[Date "2022.05.31"]
[WhiteClock "0:00:01"]
[BlackClock "0:00:56"]

1. d4 Nf6 2. c4 e6 3. Nc3 Bb4 4. Nf3 b6 5. Bg5 Bb7 6. Nd2 h6 7. Bh4 Bxc3 8. bxc3 d6 9. f3 Nbd7 10. e4 e5 11. c5 dxc5 12. d5 Qe7 13. Nc4 O-O-O 14. a4 a5 15. Rb1 Nb8 16. Qb3 g5 17. Bg3 Nxd5 18. exd5 e4 19. d6 Rxd6 20. Bxd6 cxd6 21. Qxb6 exf3+ 22. Kf2 Rd8 23. gxf3 g4 24. Bd3 Rd7 25. Bf5 Qh4+ 26. Kg1 gxf3 27. Qxb7+ Kd8 28. Qxb8+ Ke7 29. Kf1 Qxc4+ 30. Kf2 Qe2+ 0-1


[Site "https://www.chess.com"]

[Event "Titled Tuesday Blitz May 31 Early 2022"]
[White "Suich, Peter D"]
[Black "Barp, Alberto"]
[WhiteFideId "2050366"]
[BlackFideId "872555"]
[WhiteElo "2400"]
[BlackElo "2229"]
[Result "1-0"]
[Round "01"]
[TimeControl "180+1"]
[Date "2022.06.01"]
[WhiteClock "0:00:16"]
[BlackClock "0:00:07"]

1. d4 d5 2. c4 e6 3. Nf3 c6 4. e3 Bd6 5. b3 Nd7 6. Bb2 f5 7. Bd3 Nh6 8. O-O O-O 9. Nc3 Nf6 10. Ne2 Nf7 11. Ne5 Bd7 12. Rc1 Qe7 13. f3 Rad8 14. Qc2 Be8 15. cxd5 Nxd5 16. Qd2 Nxe5 17. dxe5 Bb4 18. Nc3 f4 19. Nxd5 cxd5 20. Qc2 fxe3 21. Bxh7+ Kh8 22. Bd3 d4 23. Qc7 Qxc7 24. Rxc7 a6 25. Rc4 Bb5 26. Rxb4 Bxd3 27. Rd1 e2 28. Re1 Bb5 29. a4 d3 30. Bc1 Be8 31. Bd2 Rc8 32. Kf2 b5 33. Ke3 Rd8 34. Rd4 Bc6 35. Rxd3 Rxd3+ 36. Kxd3 bxa4 37. bxa4 Bxa4 38. Kxe2 Bb5+ 39. Kf2 Rd8 40. Bg5 Rd5 41. h4 Kh7 42. g4 a5 43. h5 a4 44. Be7 Rd3 45. Re3 Rd2+ 46. Kg3 Rb2 47. Bd6 Bc6 48. Kf4 Rc2 49. g5 Rc4+ 50. Kg3 Kg8 51. Rd3 Kf7 52. Ba3 Bd5 53. g6+ Ke8 54. f4 Kd7 55. f5 Re4 56. f6 gxf6 57. exf6 Re5 58. f7 Rg5+ 59. Kh4 Rf5 60. f8=Q Rxf8 61. Bxf8 Kc6 62. Ba3 1-0


[Site "https://www.chess.com"]

[Event "Titled Tuesday Blitz May 31 Early 2022"]
[White "Svane, Rasmus"]
[Black "Bodnaruk, Anastasia"]
[WhiteFideId "4657101"]
[BlackFideId "4181751"]
[WhiteElo "2674"]
[BlackElo "2332"]
[Result "1-0"]
[Round "01"]
[TimeControl "180+1"]
[Date "2022.05.31"]
[WhiteClock "0:01:31"]
[BlackClock "0:00:03"]

1. Nf3 Nf6 2. g3 g6 3. Bg2 Bg7 4. O-O O-O 5. d4 d5 6. c4 c6 7. Qb3 a5 8. Rd1 a4 9. Qb4 dxc4 10. Qxc4 Be6 11. Qb4 b5 12. Qe1 Qb6 13. e4 b4 14. h3 Na6 15. Be3 Qb7 16. Nbd2 h6 17. Qe2 Nc7 18. Ne5 Nd7 19. Nd3 Nb5 20. e5 Bd5 21. Ne4 Bxe4 22. Bxe4 Nc7 23. Rac1 Nd5 24. e6 fxe6 25. Bxg6 Qb5 26. Qg4 Rf6 27. Nf4 Nxf4 28. Bxf4 e5 29. Bd3 Qb7 30. dxe5 Rxf4 31. gxf4 Kh8 32. Kh2 Nf8 33. Rg1 e6 34. Rg3 Rd8 35. Rcg1 Rd7 36. f5 1-0


[Site "https://www.chess.com"]

[Event "Titled Tuesday Blitz May 31 Early 2022"]
[White "Swiercz, Dariusz"]
[Black "Melian, Juan Sebastian"]
[WhiteFideId "1126881"]
[BlackFideId "3706575"]
[WhiteElo "2627"]
[BlackElo "1851"]
[Result "0-1"]
[Round "01"]
[TimeControl "180+1"]
[Date "2022.05.31"]
[WhiteClock "0:00:03"]
[BlackClock "0:00:05"]

1. Nf3 d5 2. d4 c6 3. c4 Nf6 4. cxd5 cxd5 5. Nc3 Nc6 6. Bf4 e6 7. e3 Bd6 8. Ne5 O-O 9. Bd3 Qc7 10. Nb5 Bb4+ 11. Kf1 Qb6 12. Rc1 a6 13. Nc3 Bd7 14. Na4 Qd8 15. a3 Be7 16. Nc5 Nxe5 17. Bxe5 Bxc5 18. dxc5 Ne4 19. Bxe4 dxe4 20. Qg4 Bb5+ 21. Kg1 f6 22. Qxe6+ Kh8 23. Bd6 Re8 24. Qf7 Qc8 25. h3 Qf5 26. Rd1 Bc6 27. Rd4 a5 28. Qc4 a4 29. Qc2 Ra5 30. f4 Qe6 31. Kh2 Rb5 32. Rc1 Rb3 33. Qd2 Kg8 34. Rc3 Rxc3 35. Qxc3 Kf7 36. Qd2 Kg8 37. g4 Rd8 38. f5 Qb3 39. Kg3 Rd7 40. h4 Kf7 41. g5 Qa2 42. Qe2 Qb3 43. Kf2 g6 44. gxf6 Kxf6 45. fxg6 hxg6 46. Kg3 Qe6 47. Rd1 Kg7 48. Rf1 Rf7 49. Rf4 Rxf4 50. Bxf4 Bd7 51. Kf2 Qh3 52. Bg3 Bg4 53. Qd2 Qh1 54. Qd4+ Kh7 55. Qe5 Qf3+ 56. Kg1 Qd1+ 57. Kg2 Bf3+ 58. Kh3 Qf1+ 59. Kh2 Qg2# 0-1


[Site "https://www.chess.com"]

[Event "Titled Tuesday Blitz May 31 Early 2022"]
[White "Tahbaz, Arash"]
[Black "Martin Carmona, Gaston Manuel"]
[WhiteFideId "12528846"]
[BlackFideId "22284567"]
[WhiteElo "2381"]
[BlackElo "2162"]
[Result "1-0"]
[Round "01"]
[TimeControl "180+1"]
[Date "2022.05.31"]
[WhiteClock "0:00:25"]
[BlackClock "0:00:04"]

1. Nf3 Nf6 2. g3 g6 3. Bg2 Bg7 4. O-O O-O 5. d3 d6 6. c4 c5 7. Nc3 Nc6 8. a3 a6 9. Rb1 Rb8 10. b4 cxb4 11. axb4 b5 12. cxb5 axb5 13. h3 Bd7 14. g4 Nxg4 15. hxg4 Bxc3 16. Bh6 Bg7 17. Qd2 Bxg4 18. Bxg7 Kxg7 19. Nh2 Bxe2 20. Qxe2 Nd4 21. Qe3 e5 22. Nf3 Nf5 23. Qe4 Qf6 24. d4 exd4 25. Rbd1 Rfe8 26. Qf4 Re2 27. Bh3 Ne7 28. Qxf6+ Kxf6 29. Nxd4 Rb2 30. Rfe1 Rb7 31. Bg2 Rc7 32. Nxb5 Rcc2 33. Rxd6+ Kg7 34. Rxe7 Rxf2 35. Bd5 Rfd2 36. Rxf7+ Kh6 37. Nc3 Rdc2 38. Nd1 Rc1 39. Bg2 Rxb4 40. Rf2 Rbb1 41. Rfd2 Kg5 42. Kf2 h5 43. Ne3 Rc5 44. Be4 Rbc1 45. Rxg6+ Kf4 46. Bg2 Re5 47. Nd5+ Kf5 48. Rg3 Rc4 49. Ne3+ Ke6 50. Nxc4 Rf5+ 1-0


[Site "https://www.chess.com"]

[Event "Titled Tuesday Blitz May 31 Early 2022"]
[White "Tanenbaum, Zachary"]
[Black "Leschinsky, Gary"]
[WhiteFideId "2060850"]
[BlackFideId "30951321"]
[WhiteElo "2168"]
[BlackElo "1782"]
[Result "1-0"]
[Round "01"]
[TimeControl "180+1"]
[Date "2022.06.01"]
[WhiteClock "0:00:11"]
[BlackClock "0:00:04"]

1. e4 c5 2. Nf3 e6 3. d4 cxd4 4. Nxd4 a6 5. Bd3 Bc5 6. Nb3 Ba7 7. O-O Nc6 8. Qg4 Qf6 9. Nc3 Nge7 10. Qg3 Qg6 11. Qh4 O-O 12. Nd5 exd5 13. exd5 Nf5 14. Qh3 Nce7 15. d6 Qxd6 16. Bxf5 Nxf5 17. Qxf5 Qe6 18. Qd3 d5 19. Bf4 Bd7 20. Rfe1 Qg6 21. Qxg6 hxg6 22. Rad1 Bc6 23. Be3 Bb8 24. Bc5 Rc8 25. Re7 Ba4 26. Rxd5 Bxb3 27. axb3 Rxc5 28. Re8+ Kh7 29. Rxc5 Bxh2+ 30. Kxh2 Rxe8 31. Rc7 Re2 32. Kg3 b5 33. Kf3 Rd2 34. Ke3 Rd1 35. Rxf7 Rb1 36. Kd2 Rxb2 37. Kc1 Ra2 38. Kb1 Ra5 39. Rb7 g5 40. Rb6 g6 41. Kb2 Kh6 42. g4 Kg7 43. f3 Kh6 44. c3 Kg7 45. b4 Ra4 46. Rb7+ Kf6 47. Ra7 Ke6 48. Rc7 Kf6 49. Rc5 a5 50. Rxb5 axb4 51. cxb4 Ra8 52. Rb6+ Kf7 53. Kb3 Rd8 54. Rc6 Rd3+ 55. Rc3 Rxf3 56. Rxf3+ 1-0


[Site "https://www.chess.com"]